 Dungeon Crawl Stone Soup version 0.26-a0-540-g8a0c9464d7 (webtiles) character file.

Game seed: 12403653193951817522

6108 MalarOregon the Fighter (level 10, -4/63 HPs)
             Began as a White Draconian Delver on Aug 19, 2020.
             Was an Initiate of Gozag.
             Collided with a rock wall (10 damage)
             ... caused by a wretched star
             ... on level 2 of the Abyss.
             The game lasted 00:17:33 (10399 turns).

MalarOregon the Fighter (White Draconian Delver)   Turns: 10399, Time: 00:17:34

Health: -4/63      AC: 10    Str: 12    XL:     10   Next: 58%
Magic:  9/9        EV: 16    Int: 11    God:    Gozag
Gold:   323        SH: 14    Dex: 14    Spells: 9/9 levels left

rFire    . . .     SeeInvis .   z - +1 dagger (flame)
rCold    + . .     Faith    .   L - +0 tower shield
rNeg     . . .     Spirit   .   (armour unavailable)
rPois    .         Reflect  .   g - +1 hat
rElec    .         Harm     .   i - +0 cloak
rCorr    +         Rnd*Tele +   (no gloves)
MR       .....                  p - +0 pair of boots
Stlth    +++.......             (no amulet)
HPRegen  0.20/turn              B - ring of resist corrosion
MPRegen  0.11/turn              F - +4 ring of evasion

@: mighty, gold aura, berserk cooldown, stab, hasted (expiring), very quick
A: breathe frost, unfitting armour, cold resistance 1, [deterioration 2], [dopey
1], [frail 3], low mp 1, [screaming 2], teleportitis 1, [weak 1], cold-blooded,
AC +7
a: Breathe Frost, Potion Petition, Call Merchant, Bribe Branch, Renounce
Religion


You were on level 2 of the Abyss.
You worshipped Gozag.
Gozag was aware of your devotion.
You visited 2 branches of the dungeon, and saw 10 of its levels.
You visited the Abyss 1 time.

You collected 1166 gold pieces.
You paid 843 gold pieces to Gozag.

Inventory:

Hand Weapons
 a - a +0 falchion
 h - a +1 war axe of flaming
   (You took it off Maggie on level 6 of the Dungeon)
 l - a +1 dagger of venom
   (You found it on level 3 of the Dungeon)
 z - a +1 dagger of flaming (weapon)
   (You took it off an orc wizard on level 5 of the Dungeon)
Missiles
 f - 160 stones
 n - 11 poisoned darts (quivered)
Armour
 g - a +1 hat (worn)
   (You found it on level 7 of the Dungeon)
 i - a +0 cloak (worn)
   (You found it on level 4 of the Dungeon)
 p - a +0 pair of boots (worn)
   (You found it on level 4 of the Dungeon)
 L - a +0 tower shield (worn)
   (You found it on level 8 of the Dungeon)
Jewellery
 y - an uncursed ring of protection from magic {unknown}
   (You found it on level 7 of the Dungeon)
 B - a ring of resist corrosion (left hand)
   (You found it on level 3 of the Dungeon)
 F - a +4 ring of evasion (right hand)
   (You found it on level 6 of the Dungeon)
Wands
 t - a wand of flame (9)
   (You found it on level 7 of the Dungeon)
 v - a wand of digging (3)
 x - a wand of acid (6)
   (You found it on level 8 of the Dungeon)
Scrolls
 b - 3 scrolls of fog
 c - a scroll of magic mapping
 d - 2 scrolls of fear
 j - 3 scrolls of teleportation {@r4}
 m - 13 scrolls of remove curse {@r2}
 r - a scroll of identify {@r1}
 s - 2 scrolls of amnesia
 C - a scroll of vulnerability {unknown}
 G - a scroll of blinking {unknown}
 H - a scroll of immolation {unknown}
 I - a scroll of random uselessness {unknown}
Potions
 e - 2 potions of haste {@q3}
 k - 3 potions of lignification {!q}
 o - 2 potions of brilliance
 q - 2 potions of curing {@q1}
 u - 4 potions of mutation {!q}
 w - a potion of resistance
 A - 2 potions of might
 D - a potion of stabbing
 E - a potion of invisibility
 J - 2 potions of degeneration {unknown}
 K - a potion of ambrosia {unknown}


   Skills:
 + Level 9.0 Fighting
 + Level 6.6(8.3) Short Blades
 + Level 7.9(9.0) Long Blades
 + Level 7.1 Dodging
 - Level 4.5 Stealth
 + Level 6.1 Shields


You had 9 spell levels left.
You didn't know any spells.
Your spell library contained the following spells:

 Spells                   Type           Power        Failure   Level
 Sting                    Tmut/Pois      #...         99%         1
 Poisonous Vapours        Pois/Air       #.....       99%         2
 Confusing Touch          Hex            #.......     100%        3
 Gell's Gravitas          Tloc           #.........   100%        3
 Ignite Poison            Fire/Tmut/Pois #.......     100%        3
 Mephitic Cloud           Conj/Pois/Air  #.......     100%        3
 Olgreb's Toxic Radiance  Pois           #.......     100%        4
 Petrify                  Tmut/Erth      #.......     100%        4
 Metabolic Englaciation   Hex/Ice        #.........   100%        5
 Yara's Violent Unravell  Hex/Tmut       #.........   100%        5


Dungeon Overview and Level Annotations

Branches:
Dungeon (9/15)             Temple (1/1) D:5
   Lair: D:8-11         Orc: D:9-12

Altars:
Ashenzari
Cheibriados
Dithmenos
Elyvilon
Fedhas
Gozag
Hepliaklqana
Kikubaaqudgha
Makhleb
Nemelex Xobeh
Okawaru
Qazlal
Ru
Sif Muna
Trog
Uskayaw
Vehumet
Wu Jian
Xom
Yredelemnul
Zin
The Shining One

Annotations:
D:9 Gastronok


Innate Abilities, Weirdness & Mutations

You can breathe waves of freezing cold.
You can buffet flying creatures when you breathe cold.
Your icy white scales are hard. (AC +7)
You cannot fit into any form of body armour.
Your flesh is cold resistant. (rC+)
You are cold-blooded and may be slowed by cold attacks.
Your magical capacity is low. (-10% MP)
You are occasionally teleported next to monsters.
[Your body often deteriorates upon taking damage.]
[You are dopey. (Int -2)]
[You are extremely frail. (-30% HP)]
[You sometimes yell uncontrollably at your foes.]
[You are weak. (Str -2)]


Message History

You puncture the tentacled starspawn! You burn the tentacled starspawn.
You tail-slap the tentacled starspawn!
The neqoxec gestures.
You block the tentacled starspawn's attack.
The tentacled starspawn barely misses you.
You hit the tentacled starspawn. You burn the tentacled starspawn.
The neqoxec gestures at you.
Something tries to feed on your intellect!
You hit the tentacled starspawn. You burn the tentacled starspawn.
You block the tentacled starspawn's attack.
The tentacled starspawn misses you.
You barely miss the tentacled starspawn.
The wretched star pulses with an eldritch light!
You feel the urge to shout.
You feel a strong urge to yell.
You feel frail.
You block the tentacled starspawn's attack.
The tentacled starspawn misses you.
Unknown command.
You hit the tentacled starspawn. You burn the tentacled starspawn.
The tentacled starspawn barely misses you.
You block the tentacled starspawn's attack.
You hit the tentacled starspawn. You burn the tentacled starspawn.
Your tail-slap misses the tentacled starspawn.
You hit the tentacled starspawn. You burn the tentacled starspawn.
You block the tentacled starspawn's attack.
The tentacled starspawn closely misses you.
You puncture the tentacled starspawn! You burn the tentacled starspawn.
You tail-slap the tentacled starspawn, but do no damage.
You feel yourself speed up.
You block the tentacled starspawn's attack.
The tentacled starspawn barely misses you.
You hit the tentacled starspawn. You burn the tentacled starspawn.
You hit the tentacled starspawn. You burn the tentacled starspawn.
You destroy the tentacled starspawn!
You feel your dexterity returning.
You feel the corruption within you wane somewhat.
You feel clever.
You feel stronger.
Your Fighting skill increases to level 9!
Your base Short Blades skill increases to level 6!
Your Dodging skill increases to level 7!
Your Shields skill increases to level 6!
Your extra speed is starting to run out.
Unknown command.
You closely miss the wretched star.
The wretched star glows turbulently.
The lance of force hits you!!
* * * LOW HITPOINT WARNING * * *
You are knocked back by the lance of force.
You slam into the rock wall!
You die...
Your body crumbles into a pile of gold.

########
#####.53*.@#
#...#5#### #
3. ...*.
....... ..#
#. #....
...[..
#........
... ..
#.........
.. .. # ##.
.....##.. .
#. .........
##


You could see a wretched star, a neqoxec and 2 quasits.

Vanquished Creatures
  A tentacled starspawn (Abyss:2)
  A two-headed ogre (D:8)
  Pikel (D:8)
  Maggie (D:6)
  Grinder (D:6)
  A hippogriff (D:8)
  Sigmund (D:6)
  Menkaure (D:5)
  Edmund (D:6)
  A water moccasin (D:5)
  2 phantoms
  An ice beast (D:8)
  A sky beast (D:7)
  2 ogres
  2 centaurs (D:8)
  A bullfrog (D:8)
  A wyvern zombie (D:7)
  A scorpion (D:7)
  3 killer bees (D:8)
  A howler monkey (D:6)
  3 quasits
  3 hounds
  3 orc priests
  2 jellies
  5 orc wizards
  Terence (D:3)
  Natasha (thrice) (D:3)
  2 iguanas
  8 worker ants
  A hound zombie (D:8)
  A hound skeleton (D:5)
  A worker ant zombie (D:5)
  A howler monkey zombie (D:7)
  4 gnolls
  5 adders
  3 shadow imps
  2 white imps
  2 ufetubi
  An ooze (D:2)
  An adder zombie (D:8)
  2 adder skeletons
  4 worms
  2 dart slugs
  4 leopard geckos
  37 orcs
  9 bats
  7 giant cockroaches
  5 goblins
  3 hobgoblins
  4 jackals (D:8)
  14 kobolds
  4 quokkas
  2 ball pythons
  6 frilled lizards
  A leopard gecko zombie (D:5)
  A quokka zombie (D:4)
  12 rats
194 creatures vanquished.

Vanquished Creatures (others)
  A wizard (D:3)
1 creature vanquished.

Grand Total: 195 creatures vanquished

Notes
Turn   | Place    | Note
-------+----------+-------------------------------------------
     0 | D:5      | MalarOregon the Draconian Delver began the quest for the
                  | Orb.
     0 | D:5      | Reached XP level 1. HP: 19/19 MP: 1/1
    50 | D:5      | Reached XP level 2. HP: 26/26 MP: 2/2
   280 | D:4      | Found a hide-covered altar of Uskayaw.
   477 | D:4      | Reached XP level 3. HP: 27/33 MP: 3/3
   567 | D:4      | Reached skill level 4 in Fighting
   666 | D:4      | Reached XP level 4. HP: 40/40 MP: 4/4
   707 | D:4      | HP: 2/40 [poisoned by a worker ant]
   712 | D:4      | HP: 1/40 [poisoned by a worker ant]
  1115 | D:4      | Noticed an ogre
  1134 | D:4      | Killed an ogre
  1134 | D:4      | Reached XP level 5. HP: 37/47 MP: 5/5
  1363 | D:3      | Reached skill level 5 in Fighting
  1380 | D:3      | Noticed Terence
  1625 | D:3      | Killed Terence
  1625 | D:3      | Reached XP level 6. HP: 51/56 MP: 6/6
  1671 | D:3      | Found a bloodstained altar of Trog.
  1701 | D:3      | Noticed a wizard
  1705 | D:3      | Killed a wizard
  1832 | D:2      | Found a shadowy altar of Dithmenos.
  2166 | D:2      | Found a white marble altar of Elyvilon.
  3491 | D:3      | Reached skill level 1 in Short Blades
  3820 | D:3      | Noticed Natasha
  3832 | D:3      | Killed Natasha
  4042 | D:3      | Noticed Natasha
  4049 | D:3      | Killed Natasha
  4049 | D:3      | Your scales start taking on an icy white colour.
  4049 | D:3      | Reached XP level 7. HP: 58/61 MP: 7/7
  4049 | D:3      | Gained mutation: Your flesh is cold resistant. (rC+) [White
                  | Draconian growth]
  4241 | D:3      | Noticed Natasha
  4254 | D:3      | Killed Natasha
  4941 | D:5      | Found a staircase to the Ecumenical Temple.
  5221 | Temple   | Entered the Ecumenical Temple
  5326 | Temple   | Became a worshipper of Gozag Ym Sagoz the Greedy
  5652 | D:5      | Reached skill level 1 in Shields
  5656 | D:5      | Reached skill level 6 in Fighting
  5847 | D:5      | Reached skill level 5 in Long Blades
  6249 | D:6      | Noticed Grinder
  6279 | D:6      | Killed Grinder
  6279 | D:6      | Reached XP level 8. HP: 45/70 MP: 8/8
  6510 | D:6      | Noticed Menkaure
  6515 | D:6      | Noticed Sigmund
  6546 | D:6      | Noticed Maggie
  6579 | D:6      | Killed Maggie
  6579 | D:6      | Reached skill level 5 in Dodging
  6776 | D:6      | Noticed Edmund
  6808 | D:6      | Killed Edmund
  7347 | D:5      | Killed Menkaure
  7716 | D:6      | Killed Sigmund
  7716 | D:6      | Reached skill level 7 in Fighting
  7959 | D:7      | Reached XP level 9. HP: 79/79 MP: 9/9
  8816 | D:8      | Reached skill level 5 in Short Blades
  9039 | D:8      | Noticed a two-headed ogre
  9044 | D:8      | Killed a two-headed ogre
  9044 | D:8      | Reached skill level 8 in Fighting
  9044 | D:8      | Reached skill level 5 in Shields
  9272 | D:8      | Noticed Pikel
  9276 | D:8      | Reached XP level 10. HP: 88/88 MP: 10/10
  9297 | D:8      | Killed Pikel
  9703 | D:8      | Found a glowing silver altar of Zin.
  9704 | D:8      | Noticed an angel
 10058 | D:9      | Noticed a wizard
 10058 | D:9      | Noticed Gastronok
 10065 | D:9      | Cast into level 2 of the Abyss (a wizard)
 10066 | Abyss:2  | Noticed a worldbinder
 10072 | Abyss:2  | Noticed a merfolk siren
 10072 | Abyss:2  | Noticed a manticore
 10129 | Abyss:2  | Noticed a shadow demon
 10130 | Abyss:2  | Noticed a purple very ugly thing
 10139 | Abyss:2  | Noticed a rust devil
 10140 | Abyss:2  | Noticed a large abomination
 10178 | Abyss:2  | Noticed a starcursed mass
 10347 | Abyss:2  | Noticed a wretched star
 10349 | Abyss:2  | Gained mutation: Your magical capacity is low. (-10% MP) [a
                  | neqoxec]
 10354 | Abyss:2  | Gained mutation: You are occasionally teleported next to
                  | monsters. [a neqoxec]
 10373 | Abyss:2  | Noticed a tentacled starspawn
 10374 | Abyss:2  | Noticed a smoke demon
 10397 | Abyss:2  | Killed a tentacled starspawn
 10397 | Abyss:2  | Reached skill level 9 in Fighting
 10399 | Abyss:2  | Collided with a rock wall

Illustrated notes

Levels and vault maps discovered:
D:1:      saegor_arrival_simple_e, layout_basic
D:2:      layout_loops_ring, nicolae_dithmenos_through_a_glass_darkly,
          elyvilon_altar_1, minmay_misc_feat_rows, minmay_diced_spiral
D:3:      layout_basic, grunt_ministairs_15, minivault_24, trog_wizard,
          uniq_terence, uniq_natasha
D:4:      layout_gridville, nicolae_overflow_hidden_temple
D:5:      layout_cave_pods, minmay_temple_entry_ruins
D:6:      layout_cave_pools, uniq_grinder, uniq_maggie, uniq_edmund,
          uniq_sigmund, uniq_menkaure
D:7:      layout_basic
D:8:      layout_layer_cave, zin_angel, uniq_pikel
D:9:      layout_loops_ring, erik_orc_3, minmay_chambers_of_fives,
          uniq_gastronok
Temple:   compressed_dpeg_circular_temple
Abyss:2:  base: D:10, hangedman_abyss_or_decor_slice, bh_abyss_exit_spiral,
          small_statue_intersection

Skill      XL: |  1  2  3  4  5  6  7  8  9 10 |
---------------+-------------------------------+-----
Dodging        | 2 3 4 5 6 7 |  7.1
Fighting       | 4 5 6 7 8 9 |  9.0
Long Blades    | 3 4 5 6 7 |  7.9
Short Blades   | 1 2 4 5 6 |  6.6
Shields        | 2 3 5 6 |  6.1
Stealth        | |  4.5

Action                   |  1- 3 |  4- 6 |  7- 9 | 10-12 || total
-------------------------+-------+-------+-------+-------++-------
Melee: Falchion          |    34 |    81 |       |       ||   115
       Tailslap          |     6 |    44 |    95 |    17 ||   162
       Dagger            |       |   216 |   598 |   107 ||   921
Throw: Dart              |       |    26 |     4 |       ||    30
Invok: Potion Petition   |       |       |       |     3 ||     3
 Abil: Breathe Frost     |       |       |     2 |       ||     2
Evoke: Wand              |       |       |       |     2 ||     2
  Use: Potion            |       |     1 |     7 |       ||     8
       Scroll            |       |       |    13 |     2 ||    15
 Stab: Sleeping          |     1 |    15 |    10 |     1 ||    27
       Distracted        |       |     1 |       |     1 ||     2
Armor: Skin              |    10 |    96 |   101 |    13 ||   220
Dodge: Dodged            |    18 |   197 |   240 |    68 ||   523
Block: Kite shield       |       |       |   265 |       ||   265
       Tower shield      |       |       |     8 |    66 ||    74
       Rpst.: Falchion   |     8 |    25 |       |       ||    33

Table legend: (Time is in decaauts)
 A = Elapsed time spent in this place.
 B = Non-inter-level travel time spent in this place.
 C = Inter-level travel time spent in this place.
 D = Time resting spent in this place.
 E = Time spent auto-exploring this place.
 F = Levels seen in this place.
 G = Mean time per level.
                   A        B        C        D        E       F      G
               +--------+--------+--------+--------+--------+-----+--------+
         Total |  10246 |   9879 |    367 |   1970 |   5823 |  11 |  931.5 |
       Dungeon |   9799 |   9469 |    330 |   1803 |   5732 |   9 | 1088.8 |
        Temple |    125 |     88 |     37 |      0 |     86 |   1 |  125.0 |
         Abyss |    320 |    320 |      0 |    167 |      5 |   1 |  320.0 |
               +--------+--------+--------+--------+--------+-----+--------+

Top non-repeatable levels by time:
     D:5: 2099 daAuts
     D:4: 1546 daAuts
     D:3: 1432 daAuts
     D:8: 1314 daAuts
     D:6: 937 daAuts
     D:2: 881 daAuts
     D:1: 745 daAuts
     D:7: 743 daAuts
 Abyss:2: 320 daAuts
  Temple: 125 daAuts
     D:9: 98 daAuts
